 Dungeon Sprint DCSS version 0.29-a0-723-gce39da1c22 (webtiles) character file.

Game seed: 7333071262866434234

2285 manyhoops the Severer (level 9, -12/135 HPs)
             Began as a Minotaur Fighter on June 28, 2022.
             Was an Initiate of Trog.
             Mangled by a tentacle (17 damage)
             ... attached to a kraken
             ... in the Dungeon (Sprint II: "The Violet Keep of Menkaure").
             The game lasted 00:05:04 (1229 turns).

manyhoops the Severer (Minotaur Fighter)            Turns: 1229, Time: 00:05:04

Health: -12/135    AC: 12    Str: 25    XL:     9   Next: 17%
Magic:  8/8        EV: 10    Int:  5    God:    Trog [......]
Gold:   66         SH:  6    Dex:  8    Spells: 8/8 levels left

rFire   . . .      SeeInvis .   a - +0 war axe
rCold   . . .      Faith    .   c - +0 buckler
rNeg    . . .      Spirit   .   d - +2 scale mail {rPois}
rPois   +          Reflect  .   (helmet restricted)
rElec   .          Harm     .   b - +1 cloak
rCorr   .          Rampage  .   (no gloves)
Will    .....      Rage     9%  k - +0 pair of boots
Stlth   .......... NoTele   +   (no amulet)
HPRegen 0.32/turn               (no ring)
MPRegen 0.11/turn               (no ring)

@: mighty, berserking, flying, very quick
A: horns 2, retaliatory headbutt, berserk 2, clumsy 1, deformed body
a: Renounce Religion


You were in the Dungeon.
You worshipped Trog.
Trog was noncommittal.
You visited 1 branch You collected 810 gold pieces.
You spent 744 gold pieces at shops.

Inventory:

Hand Weapons
 a - a +0 war axe (weapon)
Armour
 b - a +1 cloak (worn)
 c - a +0 buckler (worn)
 d - a +2 scale mail of poison resistance (worn)
 k - a +0 pair of boots (worn)
Scrolls
 j - a scroll of blinking
Potions
 e - a potion of curing
 h - 2 potions of magic


   Skills:
 + Level 12.1 Fighting
 * Level 15.9 Axes
 + Level 12.4 Armour
 + Level 10.7 Shields


You had 8 spell levels left.
You didn't know any spells.
Your spell library was empty.

Dungeon Overview and Level Annotations

Branches:
Dungeon (1/1)

Altars:
Cheibriados
Dithmenos
Elyvilon
Fedhas
Gozag
Hepliaklqana
Kikubaaqudgha
Makhleb
Nemelex Xobeh
Okawaru
Qazlal
Ru
Sif Muna
Trog
Uskayaw
Vehumet
Wu Jian
Xom
Yredelemnul
Zin
The Shining One
Beogh
Jiyva
Lugonu

Shops:
D [[:[[([!!=:?!=:

Annotations:
D exclusions: oklob plant and orange crystal statue


Innate Abilities, Weirdness & Mutations

You have a pair of horns on your head.
You reflexively headbutt those who attack you in melee.
You have an uncontrollable temper.
You are clumsy. (Dex -2)
Armour fits poorly on your strangely shaped body.


Message History

Unknown command.
You are too injured to fight recklessly!
You feel much better. The tentacle slaps you!
You feel very mighty all of a sudden.
The tentacle slaps you but does no damage.
The tentacle slaps you!!
* * * LOW HITPOINT WARNING * * *
You are too injured to fight recklessly!
Unknown command.
You are too injured to fight recklessly!
Unknown command.
You are too injured to fight recklessly!
You slice the tentacle!!
You kill the tentacle!
You barely miss the tentacle. The tentacle slaps you!
* * * LOW HITPOINT WARNING * * *
Unknown command.
You feel much better. The tentacle barely misses you.
The tentacle slaps you but does no damage.
You slice the tentacle!!
The tentacle is heavily wounded.
The tentacle slaps you!
You slash the tentacle! Your headbutt misses the tentacle.
The tentacle is severely wounded.
You block the tentacle's attack.
A red film seems to cover your vision as you go berserk!
You feel yourself moving faster!
You feel mighty!
You hit the tentacle. You headbutt the tentacle.
The tentacle is severely wounded.
The tentacle slaps you!
* * * LOW HITPOINT WARNING * * *
The tentacle slaps you!
* * * LOW HITPOINT WARNING * * *
Unknown command.
You are too berserk!
The tentacle slaps you!
* * * LOW HITPOINT WARNING * * *
You feel a strong urge to attack something.
The tentacle slaps you!
You die...

#. . ### +.##.
[▓)?))!?[$▓▓ ..#
..k####▓?:!?![!?▓▓ ..##
#..##.#▓!))!?(($▓▓ #..#
+..#..#▓($![!!"?▓▓ #..#
#.^#..#▓$?$?:(?[▓▓
'..####..##†#▓!?[($(?$▓▓
#....###...##▓▓▓▓▓▓▓+▓▓▓▓+
#......≈§)≈≈≈≈≈≈@w≈≈───Xw≈
≈≈.....≈#÷########+###.w≈≈
≈≈≈≈≈..≈#÷...._._#S≈≈# ≈
≈≈≈≈≈≈§≈#...._._.#S§§§#
≈≈§≈≈§≈≈#..._._._#§§§≈≈#
≈≈§≈§≈≈≈#.._._._.#§§§≈≈≈
≈≈§≈≈≈§≈#._._._._#§§≈§≈≈
§≈≈###≈≈#_._._._.#≈§≈≈≈§
#§≈ #≈≈#._._._..#≈§≈§


You could see a kraken, 2 tentacles and 2 water moccasins.

Vanquished Creatures
  A yaktaur (D)
  3 polar bears (D)
  A hornet (D)
  4 neqoxecs (D)
  Menkaure (D)
  A water moccasin (D)
  A swamp drake (D)
  4 necrophages (D)
  4 scorpions (D)
  A tentacle (D)
21 creatures vanquished.

Vanquished Creatures (others)
  8 tentacles (D)
8 creatures vanquished.

Grand Total: 29 creatures vanquished

Notes
Turn   | Place    | Note
-------+----------+-------------------------------------------
     0 | D        | manyhoops the Minotaur Fighter began the quest for the Orb.
     0 | D        | Reached XP level 1. HP: 19/19 MP: 0/0
     1 | D        | Noticed a necrophage
     1 | D        | Noticed a necrophage
     1 | D        | Noticed a necrophage
     1 | D        | Noticed a necrophage
     7 | D        | Killed a necrophage
     8 | D        | Reached skill level 3 in Axes
     8 | D        | Reached XP level 2. HP: 27/30 MP: 1/1
     8 | D        | Reached XP level 3. HP: 34/37 MP: 2/2
    10 | D        | Killed a necrophage
    11 | D        | Reached skill level 4 in Axes
    11 | D        | Reached XP level 4. HP: 38/47 MP: 3/3
    13 | D        | Killed a necrophage
    14 | D        | Reached skill level 5 in Axes
    14 | D        | Reached XP level 5. HP: 33/53 MP: 4/4
   159 | D        | Reached skill level 6 in Axes
   159 | D        | Reached XP level 6. HP: 60/63 MP: 5/5
   169 | D        | Reached skill level 10 in Fighting
   169 | D        | Reached skill level 7 in Axes
   169 | D        | Reached skill level 10 in Armour
   325 | D        | Found Hifoasin's Book Shop.
   325 | D        | Found Folaoga's Distillery.
   325 | D        | Found Wucurche's Distillery.
   325 | D        | Found Yghouc's Jewellery Boutique.
   325 | D        | Found Jaecoa Yqargh's Book Shop.
   325 | D        | Found Kiproqoq's Distillery.
   325 | D        | Found Tuisy's Magic Scroll Boutique.
   325 | D        | Found Puokucs's Jewellery Boutique.
   326 | D        | Found Gizuocer's Antique Armour Shop.
   326 | D        | Found Cimioly's Antique Weapon Boutique.
   328 | D        | Found Kojubyibb's Armour Boutique.
   328 | D        | Found Lurout's Antique Armour Shop.
   328 | D        | Noticed Menkaure
   328 | D        | Noticed an iron elemental
   328 | D        | Noticed an oklob plant
   329 | D        | Found Paenkyec's Armour Shop.
   329 | D        | Found Ytwimupn's Antique Armour Boutique.
   329 | D        | Found Nyabeifekk's Book Shoppe.
   329 | D        | Noticed a wyvern
   329 | D        | Noticed a wyvern
   346 | D        | Killed Menkaure
   347 | D        | Reached skill level 9 in Axes
   347 | D        | Reached XP level 7. HP: 73/73 MP: 6/6
   536 | D        | Noticed a polar bear
   539 | D        | Bought a +2 scale mail of poison resistance for 198 gold
                  | pieces
   552 | D        | Bought an embroidered cloak for 210 gold pieces
   561 | D        | Bought a potion of might for 40 gold pieces
   577 | D        | Noticed a boulder beetle
   577 | D        | Noticed a boulder beetle
   580 | D        | Noticed a neqoxec
   580 | D        | Noticed a neqoxec
   580 | D        | Noticed a neqoxec
   580 | D        | Noticed a neqoxec
   588 | D        | Killed a neqoxec
   588 | D        | Gained mutation: You have hidden genetic defects. [a
                  | neqoxec]
   589 | D        | Reached skill level 10 in Axes
   589 | D        | Reached skill level 10 in Shields
   589 | D        | Gained mutation: Armour fits poorly on your strangely
                  | shaped body. [a neqoxec]
   593 | D        | Killed a neqoxec
   594 | D        | Reached skill level 11 in Axes
   597 | D        | Gained mutation: You sometimes lose your temper in combat.
                  | [a neqoxec]
   599 | D        | Killed a neqoxec
   600 | D        | Reached XP level 8. HP: 44/82 MP: 7/7
   603 | D        | Reached skill level 12 in Axes
   608 | D        | Gained mutation: You have an uncontrollable temper. [hidden
                  | defects]
   778 | D        | Noticed an orange crystal statue
   812 | D        | Noticed a polar bear
   814 | D        | Bought a pair of boots for 112 gold pieces
   839 | D        | Bought a potion of might for 52 gold pieces
   839 | D        | Bought a potion of might for 52 gold pieces
   860 | D        | Found a snail-covered altar of Cheibriados.
   861 | D        | Found a shadowy altar of Dithmenos.
   861 | D        | Found a viscous altar of Jiyva.
   862 | D        | Found a white marble altar of Elyvilon.
   862 | D        | Found an ancient bone altar of Kikubaaqudgha.
   863 | D        | Found a blossoming altar of Fedhas.
   863 | D        | Found a corrupted altar of Lugonu.
   863 | D        | Found a shimmering blue altar of Sif Muna.
   864 | D        | Found an opulent altar of Gozag.
   864 | D        | Found a burning altar of Makhleb.
   864 | D        | Found a bloodstained altar of Trog.
   865 | D        | Found a sparkling altar of Nemelex Xobeh.
   865 | D        | Found a hide-covered altar of Uskayaw.
   866 | D        | Found a basalt altar of Yredelemnul.
   866 | D        | Noticed a polar bear
   867 | D        | Found an iron altar of Okawaru.
   867 | D        | Found a radiant altar of Vehumet.
   867 | D        | Found a glowing silver altar of Zin.
   867 | D        | Found a hazy altar of Hepliaklqana.
   867 | D        | Found a sacrificial altar of Ru.
   867 | D        | Found a shimmering altar of Xom.
   867 | D        | Noticed a hornet
   867 | D        | Noticed a polar bear
   867 | D        | Noticed a polar bear
   868 | D        | Found a stormy altar of Qazlal.
   868 | D        | Found an ornate altar of the Wu Jian Council.
   868 | D        | Found a glowing golden altar of the Shining One.
   868 | D        | Noticed a yaktaur
   876 | D        | Killed a polar bear
   877 | D        | Reached skill level 13 in Axes
   880 | D        | Killed a polar bear
   885 | D        | Killed a hornet
   886 | D        | Reached skill level 14 in Axes
   890 | D        | Killed a polar bear
   895 | D        | Killed a yaktaur
   896 | D        | Reached skill level 15 in Axes
   896 | D        | Reached XP level 9. HP: 67/90 MP: 8/8
   908 | D        | Gained mutation: You are clumsy. (Dex -2) [hidden defects]
   908 | D        | Lost mutation: You have hidden genetic defects. [hidden
                  | defects expressed]
   914 | D        | Became a worshipper of Trog the Wrathful
   927 | D        | Noticed a kraken
  1116 | D        | Bought a potion of heal wounds for 50 gold pieces
  1116 | D        | Bought a potion of flight for 30 gold pieces
  1228 | D        | HP: 5/135 [tentacle[a kraken] (11)]
  1229 | D        | Mangled by a tentacle

Illustrated notes

Levels and vault maps discovered:
D:        the_violet_keep_of_menkaure [sprint2_stairs_cluster_1,
          sprint2_shoproom, sprint2_temple, sprint2_basic_supplies,
          sprint2_obstacle_6, sprint2_obstacle_7, sprint2_obstacle_4,
          sprint2_obstacle_2, sprint2_obstacle_1, sprint2_timed_cluster_1,
          sprint2_smallroom_cluster_1, sprint2_smallroom_final_cluster_1,
          sprint2_transparent_cluster_1, sprint2_second_timed_cluster_1,
          sprint2_sniper_area_1, sprint2_heavy_combat_area_1,
          sprint2_mutation_trap_area_1, sprint2_forest_area_1,
          sprint2_light_combat_area_1, sprint2_behind_water_1,
          sprint2_near_end_vault_1]

Skill      XL: |  1  2  3  4  5  6  7  8 |
---------------+-------------------------+-----
Fighting       | 6 7 8 9 10 11 12 | 12.1
Axes           | 3 4 5 6 9 11 15 | 15.9
Armour         | 6 7 8 9 10 11 12 | 12.4
Shields        | 6 7 8 9 10 | 10.7

Action                   |  1- 3 |  4- 6 |  7- 9 || total
-------------------------+-------+-------+-------++-------
Melee: War axe           |     8 |    25 |    64 ||    97
       Headbutt          |     1 |     3 |    16 ||    20
  Use: Potion            |     1 |     1 |     7 ||     9
Armor: Scale mail        |     1 |     6 |    16 ||    23
Dodge: Dodged            |     2 |    16 |    23 ||    41
Block: Buckler           |     2 |     2 |    16 ||    20

Table legend: (Time is in decaauts)
 A = Elapsed time spent in this place.
 B = Non-inter-level travel time spent in this place.
 C = Inter-level travel time spent in this place.
 D = Time resting spent in this place.
 E = Time spent auto-exploring this place.
 F = Levels seen in this place.
 G = Mean time per level.
                   A        B        C        D        E       F      G
               +--------+--------+--------+--------+--------+-----+--------+
         Total |   1280 |   1259 |     21 |    807 |      0 |   1 | 1280.0 |
       Dungeon |   1280 |   1259 |     21 |    807 |      0 |   1 | 1280.0 |
               +--------+--------+--------+--------+--------+-----+--------+

Top non-repeatable levels by time:
       D: 1280 daAuts
